AoeStats
← Sonny

Arabia

510447829Analyzed
1v1 RM · 1d ago on Oct 1, 2026· 40m 34s· 2 players
Game mode
Random Map
Map size
Tiny (2 player)
Population
200
Speed
Normal
Resources
Standard
Victory
Conquest
Starting age
Dark Age
Ending age
Imperial Age
RankedLock teamsTeams togetherTeam positionsShared explorationLock speedFull tech treeHidden civsTurbo modeCheats
Victory
Defeat
🇺🇸 Varangians · United States
667
+16
🇺🇾 Celts · Uruguay
670
-16
Sonny
8:29 Loom
11:36 Feudal Age
14:16 Bloodlines
16:18 Forging
22:34 Castle Age
21:40 Stone Mining
21:40 Double-Bit Axe
21:38 Horse Collar
22:37 Light Cavalry
23:28 Scale Barding Armor
24:38 Town Watch
25:38 Husbandry
25:38 Pikeman
26:43 Arson
27:51 Wheelbarrow
29:33 Hand Cart
31:06 Gold Mining
37:49 Imperial Age
38:46 Elite Skirmisher
jmanuelgiriboni
3:08 Loom
10:32 Feudal Age
21:27 Castle Age
21:18 Horse Collar
21:27 Double-Bit Axe
24:17 Forging
25:25 Heavy Plow
25:25 Stone Mining
27:26 Pikeman
36:02 Bow Saw
37:20 Wheelbarrow
38:36 Iron Casting
Connection lost

Rejoining the realm…

Still unreachable

The connection could not be restored.

Session expired

The server has moved on; the page needs a fresh start.